 Dungeon Crawl Stone Soup version 0.21.0-3-g78d12a8 (webtiles) character file.

1003 Amaterasu the Bolt Thrower (level 8, -2/45 HPs)
             Began as a Kobold Arcane Marksman on Jan 15, 2018.
             Was an Initiate of Hepliaklqana.
             Slain by an ice beast (9 damage)
             ... on level 5 of the Dungeon.
             The game lasted 00:16:45 (4855 turns).

Amaterasu the Bolt Thrower (Kobold Arcane Marksman) Turns: 4855, Time: 00:16:46

Health: -2/45      AC:  3    Str:  7    XL:     8   Next: 43%
Magic:  9/9        EV: 15    Int: 15    God:    Hepliaklqana [......]
Gold:   230        SH:  5    Dex: 17    Spells: 5/9 levels left

rFire    . . .     SeeInvis .   l - +2 falchion (venom)
rCold    . . .     Gourm    .   b - +0 buckler
rNeg     . . .     Faith    .   e - +0 robe
rPois    .         Spirit   .   (no helmet)
rElec    .         Reflect  .   (no cloak)
rCorr    +         Harm     .   (no gloves)
MR       .....                  (no boots)
Stlth    ++........             (no amulet)
HPRegen  0.15/turn              g - ring of resist corrosion
MPRegen  0.11/turn              (no ring)

@: no status effects
A: small, reduced essence, fangs 1, rugged brown scales 1, carnivore, sturdy
frame 1
a: Recall Ancestor, Ancestor Identity, Renounce Religion


You were on level 5 of the Dungeon.
You worshipped Hepliaklqana.
Hepliaklqana was noncommittal.
You were not hungry.

You visited 1 branch of the dungeon, and saw 5 of its levels.

You collected 230 gold pieces.

Inventory:

Hand Weapons
 a - a +1 hand crossbow
 h - a +0 dagger
 l - a +2 falchion of venom (weapon)
Missiles
 d - 49 bolts
Armour
 b - a +0 buckler (worn)
 e - a +0 robe (worn)
Jewellery
 g - a ring of resist corrosion (left hand)
Wands
 o - a wand of polymorph (21)
Scrolls
 i - 2 scrolls of identify
 k - a scroll of teleportation
 m - 3 scrolls of remove curse
 p - a scroll of magic mapping
 q - a scroll of enchant armour {unknown}
Potions
 j - 3 potions of flight
 n - a potion of agility {unknown}
Books
 c - a book of Debilitation

   Spells                             Type                      Level
   a - Corona                         Hexes                        1
   b - Slow                           Hexes                        2
   c - Inner Flame                    Hexes/Fire                   3
   d - Portal Projectile              Hexes/Translocation          3
   e - Cause Fear                     Hexes                        4
   f - Leda's Liquefaction            Hexes/Earth                  4
 t - a book of Changes

   Spells                             Type                      Level
   a - Beastly Appendage              Transmutation                1
   b - Sticks to Snakes               Transmutation                2
   c - Spider Form                    Transmutation/Poison         3
   d - Ice Form                       Ice/Transmutation            4
   e - Blade Hands                    Transmutation                5
Comestibles
 f - 7 rations


   Skills:
 - Level 5.2 Fighting
 * Level 4.4 Short Blades
 + Level 7.1 Crossbows
 - Level 2.4 Dodging
 * Level 2.1 Shields
 - Level 1.1 Spellcasting
 - Level 3.0 Hexes
 * Level 2.7 Translocations


You had 5 spell levels left.
You knew the following spells:

 Your Spells              Type           Power        Failure   Level  Hunger
a - Corona                Hex            #......      10%         1    ##.....
b - Portal Projectile     Hex/Tloc       #.....       30%         3    ####...


Dungeon Overview and Level Annotations

Branches:
Dungeon (5/15)
 Temple: D:4-7

Altars:
Elyvilon
Gozag
Hepliaklqana
Trog
Xom
Yredelemnul

Annotations:
D:5 Dowan; Duvessa; Edmund; kegs's ghost, novice HOFi


Innate Abilities, Weirdness & Mutations

You are small and have problems with some larger weapons.
You are carnivorous and can eat meat at any time.
Your life essence is reduced to manifest your ancestor. (-10% HP)
You have very sharp teeth.
You are partially covered in rugged brown scales. (AC +1, +3% HP)
Your movements are slightly less encumbered by armour. (ER -2)


Message History

The ice beast hits you. The ice beast freezes you!
You barely miss the ice beast.
The ice beast is heavily wounded.
You block the ice beast's attack.
You hit the ice beast.
You bite the ice beast, but do no damage.
The ice beast is severely wounded.
The ice beast closely misses you.
You riposte.
You hit the ice beast.
The ice beast is severely wounded.
You barely miss the ice beast.
The ice beast is severely wounded.
The ice beast hits you. The ice beast freezes you.
* * * LOW HITPOINT WARNING * * *
You block the ice beast's attack.
You hit the ice beast.
The ice beast is severely wounded.
The ice beast hits you.
* * * LOW HITPOINT WARNING * * *
The ice beast freezes you!
You die...

# #. .# #.. .# #... #.####
#... ..... #..#######..#
#.#....WY@..# ##
#.....####..# #. #
#...........# #.
..##.....####..# #.
........W# #..# ##### #.
.##...#.####..# ...# #.
#...........#######.#####.
#..##.####................
#.#.......................


You could see an ice beast and kegs's ghost.

Vanquished Creatures
  Grinder (D:5)
  Eustachio (D:4)
  An ogre (D:4)
  Blork the orc (D:4)
  2 scorpions
  A howler monkey (D:4)
  2 hounds (D:4)
  An orc wizard (D:3)
  2 worker ants
  A hound skeleton (D:4)
  An adder (D:2)
  A shadow imp (D:2)
  3 worms
  2 dart slugs
  2 leopard geckos (D:1)
  11 orcs
  4 giant cockroaches
  7 goblins
  8 hobgoblins
  8 jackals
  2 quokkas
  9 bats
  6 frilled lizards
  8 kobolds
  A quokka skeleton (D:2)
  5 rats
91 creatures vanquished.

Vanquished Creatures (collateral kills)
  A howler monkey (D:5)
  A jelly (D:5)
  An iguana (D:4)
  A giant cockroach (D:5)
  A quokka (D:5)
5 creatures vanquished.

Vanquished Creatures (others)
  2 ancestors (D:5)
2 creatures vanquished.

Grand Total: 98 creatures vanquished

Notes
Turn   | Place    | Note
-------+----------+-------------------------------------------
     0 | D:1      | Amaterasu the Kobold Arcane Marksman began the quest for the Orb.
     0 | D:1      | Reached XP level 1. HP: 12/12 MP: 2/2
    64 | D:1      | Reached XP level 2. HP: 16/17 MP: 3/3
   431 | D:1      | Reached skill level 3 in Crossbows
   515 | D:1      | Reached skill level 1 in Short Blades
   635 | D:1      | Reached XP level 3. HP: 16/21 MP: 4/4
  1083 | D:1      | Learned a level 3 spell: Portal Projectile
  1176 | D:2      | Reached XP level 4. HP: 16/27 MP: 5/5
  1544 | D:2      | HP: 1/27 [shadow imp (2)]
  2215 | D:3      | Found a bloodstained altar of Trog.
  2292 | D:3      | Reached skill level 4 in Crossbows
  2304 | D:3      | Reached XP level 5. HP: 5/32 MP: 6/6
  2678 | D:3      | Found a faded altar of an unknown god.
  3050 | D:4      | Reached skill level 1 in Translocations
  3088 | D:4      | Found a white marble altar of Elyvilon.
  3100 | D:4      | Found an opulent altar of Gozag.
  3101 | D:4      | Found a shimmering altar of Xom.
  3101 | D:4      | Noticed Eustachio
  3146 | D:4      | Killed Eustachio
  3146 | D:4      | Reached skill level 5 in Crossbows
  3146 | D:4      | Reached skill level 1 in Shields
  3146 | D:4      | Reached XP level 6. HP: 6/37 MP: 7/7
  3529 | D:4      | Noticed an ogre
  3537 | D:4      | Killed an ogre
  3537 | D:4      | Reached XP level 7. HP: 42/42 MP: 8/8
  3647 | D:4      | Noticed Blork the orc
  3661 | D:4      | Killed Blork the orc
  3661 | D:4      | Reached skill level 6 in Crossbows
  3909 | D:4      | Found a basalt altar of Yredelemnul.
  3962 | D:4      | Found a hazy altar of Hepliaklqana.
  3965 | D:4      | Became a worshipper of Hepliaklqana the Forgotten
  4367 | D:4      | Gained mutation: You have very sharp teeth. [potion of mutation]
  4367 | D:4      | Gained mutation: You are partially covered in rugged brown scales. (AC +1, +3% HP) [potion of mutation]
  4367 | D:4      | Gained mutation: Your movements are slightly less encumbered by armour. (ER -2) [potion of mutation]
  4424 | D:5      | Entered Level 5 of the Dungeon
  4444 | D:5      | Noticed Dowan
  4555 | D:5      | Noticed Grinder
  4578 | D:5      | Reached XP level 8. HP: 34/44 MP: 9/9
  4585 | D:5      | Killed Grinder
  4585 | D:5      | Reached skill level 5 in Fighting
  4775 | D:5      | Noticed Duvessa
  4777 | D:5      | Reached skill level 7 in Crossbows
  4803 | D:5      | Noticed Edmund
  4836 | D:5      | Noticed kegs's ghost (novice HOFi)
  4855 | D:5      | Slain by an ice beast

Skill      XL: |  1  2  3  4  5  6  7  8 |
---------------+-------------------------+-----
Crossbows      | 3 4 5 6 7 |  7.1
Fighting       | 2 3 4 5 |  5.2
Short Blades   | 1 2 3 4 |  4.4
Translocations | 1 2 |  2.7
Shields        | 1 2 |  2.1
Dodging        | |  2.4
Spellcasting   | |  1.1
Hexes          | |  3.0

Action                   |  1- 3 |  4- 6 |  7- 9 || total
-------------------------+-------+-------+-------++-------
Melee: Hand axe          |     6 |       |       ||     6
       Dagger            |    42 |    38 |       ||    80
       Falchion          |       |    23 |    41 ||    64
       Hand crossbow     |       |     1 |       ||     1
       Bite              |       |       |     6 ||     6
 Fire: Hand crossbow     |    67 |    97 |    39 ||   203
 Cast: Portal Projectile |       |       |     1 ||     1
Invok: Ancestor Identity |       |       |     1 ||     1
  Use: Scroll            |     1 |     6 |     6 ||    13
       Potion            |       |     2 |     3 ||     5
  Eat: Chunk             |     1 |    12 |       ||    13
Armor: Robe              |    15 |    15 |     5 ||    35
Dodge: Dodged            |    69 |    89 |    30 ||   188
Block: Buckler           |       |    20 |    16 ||    36
       Rpst.: Falchion   |       |     9 |    10 ||    19
